%YAML 1.1
%TAG !u! tag:unity3d.com,2011:
--- !u!1 &709517943090397845
GameObject:
  m_ObjectHideFlags: 0
  m_CorrespondingSourceObject: {fileID: 0}
  m_PrefabInstance: {fileID: 0}
  m_PrefabAsset: {fileID: 0}
  serializedVersion: 6
  m_Component:
  - component: {fileID: 7782604912286613727}
  m_Layer: 0
  m_Name: WaterGlass
  m_TagString: Untagged
  m_Icon: {fileID: 0}
  m_NavMeshLayer: 0
  m_StaticEditorFlags: 0
  m_IsActive: 1
--- !u!4 &7782604912286613727
Transform:
  m_ObjectHideFlags: 0
  m_CorrespondingSourceObject: {fileID: 0}
  m_PrefabInstance: {fileID: 0}
  m_PrefabAsset: {fileID: 0}
  m_GameObject: {fileID: 709517943090397845}
  m_LocalRotation: {x: 0.27781188, y: -0.21345791, z: -0.010481536, w: 0.936561}
  m_LocalPosition: {x: 0.048, y: 1.181, z: -0.9}
  m_LocalScale: {x: 1, y: 1, z: 1}
  m_ConstrainProportionsScale: 0
  m_Children:
  - {fileID: 4105915614484750243}
  - {fileID: 5214409445072546295}
  m_Father: {fileID: 5214409445124272266}
  m_RootOrder: 4
  m_LocalEulerAnglesHint: {x: 31.058, y: -28.264, z: -9.286}
--- !u!1 &5214409444023586982
GameObject:
  m_ObjectHideFlags: 0
  m_CorrespondingSourceObject: {fileID: 0}
  m_PrefabInstance: {fileID: 0}
  m_PrefabAsset: {fileID: 0}
  serializedVersion: 6
  m_Component:
  - component: {fileID: 5214409444023587163}
  - component: {fileID: 5214409444023587162}
  - component: {fileID: 5214409444023587161}
  - component: {fileID: 5214409444023587160}
  m_Layer: 6
  m_Name: Eraser
  m_TagString: Untagged
  m_Icon: {fileID: 0}
  m_NavMeshLayer: 0
  m_StaticEditorFlags: 0
  m_IsActive: 0
--- !u!4 &5214409444023587163
Transform:
  m_ObjectHideFlags: 0
  m_CorrespondingSourceObject: {fileID: 0}
  m_PrefabInstance: {fileID: 0}
  m_PrefabAsset: {fileID: 0}
  m_GameObject: {fileID: 5214409444023586982}
  m_LocalRotation: {x: -0, y: -0.000000029802315, z: 0.000000029802315, w: 1}
  m_LocalPosition: {x: -0.016, y: -0, z: 0}
  m_LocalScale: {x: 0.04, y: 0.9000003, z: 1.5999998}
  m_ConstrainProportionsScale: 0
  m_Children: []
  m_Father: {fileID: 5214409445622726533}
  m_RootOrder: 1
  m_LocalEulerAnglesHint: {x: 0, y: 0, z: 0}
--- !u!33 &5214409444023587162
MeshFilter:
  m_ObjectHideFlags: 0
  m_CorrespondingSourceObject: {fileID: 0}
  m_PrefabInstance: {fileID: 0}
  m_PrefabAsset: {fileID: 0}
  m_GameObject: {fileID: 5214409444023586982}
  m_Mesh: {fileID: 10202, guid: 0000000000000000e000000000000000, type: 0}
--- !u!23 &5214409444023587161
MeshRenderer:
  m_ObjectHideFlags: 0
  m_CorrespondingSourceObject: {fileID: 0}
  m_PrefabInstance: {fileID: 0}
  m_PrefabAsset: {fileID: 0}
  m_GameObject: {fileID: 5214409444023586982}
  m_Enabled: 1
  m_CastShadows: 0
  m_ReceiveShadows: 1
  m_DynamicOccludee: 1
  m_StaticShadowCaster: 0
  m_MotionVectors: 1
  m_LightProbeUsage: 1
  m_ReflectionProbeUsage: 1
  m_RayTracingMode: 2
  m_RayTraceProcedural: 0
  m_RenderingLayerMask: 1
  m_RendererPriority: 0
  m_Materials:
  - {fileID: 2100000, guid: c5ee350e503c6dd4a8d6e428d680bbf1, type: 2}
  m_StaticBatchInfo:
    firstSubMesh: 0
    subMeshCount: 0
  m_StaticBatchRoot: {fileID: 0}
  m_ProbeAnchor: {fileID: 0}
  m_LightProbeVolumeOverride: {fileID: 0}
  m_ScaleInLightmap: 1
  m_ReceiveGI: 1
  m_PreserveUVs: 0
  m_IgnoreNormalsForChartDetection: 0
  m_ImportantGI: 0
  m_StitchLightmapSeams: 1
  m_SelectedEditorRenderState: 3
  m_MinimumChartSize: 4
  m_AutoUVMaxDistance: 0.5
  m_AutoUVMaxAngle: 89
  m_LightmapParameters: {fileID: 0}
  m_SortingLayerID: 0
  m_SortingLayer: 0
  m_SortingOrder: 0
  m_AdditionalVertexStreams: {fileID: 0}
--- !u!65 &5214409444023587160
BoxCollider:
  m_ObjectHideFlags: 0
  m_CorrespondingSourceObject: {fileID: 0}
  m_PrefabInstance: {fileID: 0}
  m_PrefabAsset: {fileID: 0}
  m_GameObject: {fileID: 5214409444023586982}
  m_Material: {fileID: 0}
  m_IsTrigger: 0
  m_Enabled: 0
  serializedVersion: 2
  m_Size: {x: 1, y: 1, z: 1}
  m_Center: {x: 0, y: 0, z: 0}
--- !u!1 &5214409445072546291
GameObject:
  m_ObjectHideFlags: 0
  m_CorrespondingSourceObject: {fileID: 0}
  m_PrefabInstance: {fileID: 0}
  m_PrefabAsset: {fileID: 0}
  serializedVersion: 6
  m_Component:
  - component: {fileID: 5214409445072546295}
  - component: {fileID: 5214409445072546294}
  - component: {fileID: 5214409445072546293}
  - component: {fileID: 5214409445072546280}
  - component: {fileID: 5214409445072546281}
  m_Layer: 0
  m_Name: WaterCollider
  m_TagString: Water
  m_Icon: {fileID: 0}
  m_NavMeshLayer: 0
  m_StaticEditorFlags: 0
  m_IsActive: 1
--- !u!4 &5214409445072546295
Transform:
  m_ObjectHideFlags: 0
  m_CorrespondingSourceObject: {fileID: 0}
  m_PrefabInstance: {fileID: 0}
  m_PrefabAsset: {fileID: 0}
  m_GameObject: {fileID: 5214409445072546291}
  m_LocalRotation: {x: -0, y: -0, z: -0, w: 1}
  m_LocalPosition: {x: -0, y: 0.0191, z: 0}
  m_LocalScale: {x: 0.095, y: 0.02, z: 0.095}
  m_ConstrainProportionsScale: 0
  m_Children: []
  m_Father: {fileID: 7782604912286613727}
  m_RootOrder: 1
  m_LocalEulerAnglesHint: {x: 0, y: 0, z: 0}
--- !u!33 &5214409445072546294
MeshFilter:
  m_ObjectHideFlags: 0
  m_CorrespondingSourceObject: {fileID: 0}
  m_PrefabInstance: {fileID: 0}
  m_PrefabAsset: {fileID: 0}
  m_GameObject: {fileID: 5214409445072546291}
  m_Mesh: {fileID: 10206, guid: 0000000000000000e000000000000000, type: 0}
--- !u!23 &5214409445072546293
MeshRenderer:
  m_ObjectHideFlags: 0
  m_CorrespondingSourceObject: {fileID: 0}
  m_PrefabInstance: {fileID: 0}
  m_PrefabAsset: {fileID: 0}
  m_GameObject: {fileID: 5214409445072546291}
  m_Enabled: 1
  m_CastShadows: 1
  m_ReceiveShadows: 1
  m_DynamicOccludee: 1
  m_StaticShadowCaster: 0
  m_MotionVectors: 1
  m_LightProbeUsage: 1
  m_ReflectionProbeUsage: 1
  m_RayTracingMode: 2
  m_RayTraceProcedural: 0
  m_RenderingLayerMask: 1
  m_RendererPriority: 0
  m_Materials:
  - {fileID: 2100000, guid: 81c48a05fc06f734e8241a92e5f7716e, type: 2}
  m_StaticBatchInfo:
    firstSubMesh: 0
    subMeshCount: 0
  m_StaticBatchRoot: {fileID: 0}
  m_ProbeAnchor: {fileID: 0}
  m_LightProbeVolumeOverride: {fileID: 0}
  m_ScaleInLightmap: 1
  m_ReceiveGI: 1
  m_PreserveUVs: 0
  m_IgnoreNormalsForChartDetection: 0
  m_ImportantGI: 0
  m_StitchLightmapSeams: 1
  m_SelectedEditorRenderState: 3
  m_MinimumChartSize: 4
  m_AutoUVMaxDistance: 0.5
  m_AutoUVMaxAngle: 89
  m_LightmapParameters: {fileID: 0}
  m_SortingLayerID: 0
  m_SortingLayer: 0
  m_SortingOrder: 0
  m_AdditionalVertexStreams: {fileID: 0}
--- !u!65 &5214409445072546280
BoxCollider:
  m_ObjectHideFlags: 0
  m_CorrespondingSourceObject: {fileID: 0}
  m_PrefabInstance: {fileID: 0}
  m_PrefabAsset: {fileID: 0}
  m_GameObject: {fileID: 5214409445072546291}
  m_Material: {fileID: 0}
  m_IsTrigger: 1
  m_Enabled: 1
  serializedVersion: 2
  m_Size: {x: 1, y: 2, z: 1.0000001}
  m_Center: {x: 0.00000005960464, y: 0, z: -0.00000008940696}
--- !u!54 &5214409445072546281
Rigidbody:
  m_ObjectHideFlags: 0
  m_CorrespondingSourceObject: {fileID: 0}
  m_PrefabInstance: {fileID: 0}
  m_PrefabAsset: {fileID: 0}
  m_GameObject: {fileID: 5214409445072546291}
  serializedVersion: 2
  m_Mass: 1
  m_Drag: 0
  m_AngularDrag: 0.05
  m_UseGravity: 0
  m_IsKinematic: 1
  m_Interpolate: 0
  m_Constraints: 126
  m_CollisionDetection: 2
--- !u!1 &5214409445124272265
GameObject:
  m_ObjectHideFlags: 0
  m_CorrespondingSourceObject: {fileID: 0}
  m_PrefabInstance: {fileID: 0}
  m_PrefabAsset: {fileID: 0}
  serializedVersion: 6
  m_Component:
  - component: {fileID: 5214409445124272266}
  m_Layer: 0
  m_Name: ARtistaSet
  m_TagString: Untagged
  m_Icon: {fileID: 0}
  m_NavMeshLayer: 0
  m_StaticEditorFlags: 0
  m_IsActive: 1
--- !u!4 &5214409445124272266
Transform:
  m_ObjectHideFlags: 0
  m_CorrespondingSourceObject: {fileID: 0}
  m_PrefabInstance: {fileID: 0}
  m_PrefabAsset: {fileID: 0}
  m_GameObject: {fileID: 5214409445124272265}
  m_LocalRotation: {x: 0, y: 0, z: 0, w: 1}
  m_LocalPosition: {x: 0, y: 0, z: 0}
  m_LocalScale: {x: 1, y: 1, z: 1}
  m_ConstrainProportionsScale: 0
  m_Children:
  - {fileID: 1920386136108316793}
  - {fileID: 5906189062687518667}
  - {fileID: 566304555734450667}
  - {fileID: 5214409445622726533}
  - {fileID: 7782604912286613727}
  - {fileID: 774863177445139695}
  m_Father: {fileID: 0}
  m_RootOrder: 0
  m_LocalEulerAnglesHint: {x: 0, y: 0, z: 0}
--- !u!1 &5214409445622726532
GameObject:
  m_ObjectHideFlags: 0
  m_CorrespondingSourceObject: {fileID: 0}
  m_PrefabInstance: {fileID: 0}
  m_PrefabAsset: {fileID: 0}
  serializedVersion: 6
  m_Component:
  - component: {fileID: 5214409445622726533}
  m_Layer: 0
  m_Name: PaintBase
  m_TagString: Untagged
  m_Icon: {fileID: 0}
  m_NavMeshLayer: 0
  m_StaticEditorFlags: 0
  m_IsActive: 1
--- !u!4 &5214409445622726533
Transform:
  m_ObjectHideFlags: 0
  m_CorrespondingSourceObject: {fileID: 0}
  m_PrefabInstance: {fileID: 0}
  m_PrefabAsset: {fileID: 0}
  m_GameObject: {fileID: 5214409445622726532}
  m_LocalRotation: {x: 0.0000000037252903, y: -0.000000029802322, z: -0.13052642,
    w: 0.9914449}
  m_LocalPosition: {x: 0.61485195, y: 1.297, z: 0.020961039}
  m_LocalScale: {x: 0.8, y: 0.8, z: 0.8}
  m_ConstrainProportionsScale: 1
  m_Children:
  - {fileID: 5214409444688642198}
  - {fileID: 5214409444023587163}
  - {fileID: 1847178506979251154}
  - {fileID: 9104162454625766065}
  m_Father: {fileID: 5214409445124272266}
  m_RootOrder: 3
  m_LocalEulerAnglesHint: {x: 0, y: 0, z: -15}
--- !u!1 &7664122526673276054
GameObject:
  m_ObjectHideFlags: 0
  m_CorrespondingSourceObject: {fileID: 0}
  m_PrefabInstance: {fileID: 0}
  m_PrefabAsset: {fileID: 0}
  serializedVersion: 6
  m_Component:
  - component: {fileID: 9104162454625766065}
  - component: {fileID: 3767587671868610981}
  - component: {fileID: 1506264141159148590}
  m_Layer: 0
  m_Name: CaptureCamera
  m_TagString: Untagged
  m_Icon: {fileID: 0}
  m_NavMeshLayer: 0
  m_StaticEditorFlags: 0
  m_IsActive: 0
--- !u!4 &9104162454625766065
Transform:
  m_ObjectHideFlags: 0
  m_CorrespondingSourceObject: {fileID: 0}
  m_PrefabInstance: {fileID: 0}
  m_PrefabAsset: {fileID: 0}
  m_GameObject: {fileID: 7664122526673276054}
  m_LocalRotation: {x: -0.000000042091838, y: -0.7071067, z: 0.00000044964642, w: -0.7071069}
  m_LocalPosition: {x: -0.141, y: 0, z: 0}
  m_LocalScale: {x: 0.16000006, y: 0.09, z: 0.10000001}
  m_ConstrainProportionsScale: 0
  m_Children: []
  m_Father: {fileID: 5214409445622726533}
  m_RootOrder: 3
  m_LocalEulerAnglesHint: {x: 90, y: 0, z: 180}
--- !u!20 &3767587671868610981
Camera:
  m_ObjectHideFlags: 0
  m_CorrespondingSourceObject: {fileID: 0}
  m_PrefabInstance: {fileID: 0}
  m_PrefabAsset: {fileID: 0}
  m_GameObject: {fileID: 7664122526673276054}
  m_Enabled: 1
  serializedVersion: 2
  m_ClearFlags: 1
  m_BackGroundColor: {r: 0.19215687, g: 0.3019608, b: 0.4745098, a: 0}
  m_projectionMatrixMode: 1
  m_GateFitMode: 2
  m_FOVAxisMode: 0
  m_SensorSize: {x: 36, y: 24}
  m_LensShift: {x: 0, y: 0}
  m_FocalLength: 50
  m_NormalizedViewPortRect:
    serializedVersion: 2
    x: 0
    y: 0
    width: 1
    height: 1
  near clip plane: 0
  far clip plane: 0.2
  field of view: 60
  orthographic: 1
  orthographic size: 0.36
  m_Depth: 0
  m_CullingMask:
    serializedVersion: 2
    m_Bits: 151
  m_RenderingPath: -1
  m_TargetTexture: {fileID: 8400000, guid: 808e06de7a48fd841a96da5cdae6946e, type: 2}
  m_TargetDisplay: 7
  m_TargetEye: 3
  m_HDR: 1
  m_AllowMSAA: 1
  m_AllowDynamicResolution: 0
  m_ForceIntoRT: 0
  m_OcclusionCulling: 1
  m_StereoConvergence: 10
  m_StereoSeparation: 0.022
--- !u!114 &1506264141159148590
MonoBehaviour:
  m_ObjectHideFlags: 0
  m_CorrespondingSourceObject: {fileID: 0}
  m_PrefabInstance: {fileID: 0}
  m_PrefabAsset: {fileID: 0}
  m_GameObject: {fileID: 7664122526673276054}
  m_Enabled: 1
  m_EditorHideFlags: 0
  m_Script: {fileID: 11500000, guid: a79441f348de89743a2939f4d699eac1, type: 3}
  m_Name: 
  m_EditorClassIdentifier: 
  m_RenderShadows: 1
  m_RequiresDepthTextureOption: 2
  m_RequiresOpaqueTextureOption: 2
  m_CameraType: 0
  m_Cameras: []
  m_RendererIndex: -1
  m_VolumeLayerMask:
    serializedVersion: 2
    m_Bits: 1
  m_VolumeTrigger: {fileID: 0}
  m_VolumeFrameworkUpdateModeOption: 2
  m_RenderPostProcessing: 0
  m_Antialiasing: 0
  m_AntialiasingQuality: 2
  m_StopNaN: 0
  m_Dithering: 0
  m_ClearDepth: 1
  m_AllowXRRendering: 1
  m_RequiresDepthTexture: 0
  m_RequiresColorTexture: 0
  m_Version: 2
--- !u!1 &9150236707938592344
GameObject:
  m_ObjectHideFlags: 0
  m_CorrespondingSourceObject: {fileID: 0}
  m_PrefabInstance: {fileID: 0}
  m_PrefabAsset: {fileID: 0}
  serializedVersion: 6
  m_Component:
  - component: {fileID: 1847178506979251154}
  - component: {fileID: 2738748638087349854}
  - component: {fileID: 4330392978240799658}
  - component: {fileID: 5485552069881109927}
  m_Layer: 6
  m_Name: Loader
  m_TagString: Untagged
  m_Icon: {fileID: 0}
  m_NavMeshLayer: 0
  m_StaticEditorFlags: 0
  m_IsActive: 0
--- !u!4 &1847178506979251154
Transform:
  m_ObjectHideFlags: 0
  m_CorrespondingSourceObject: {fileID: 0}
  m_PrefabInstance: {fileID: 0}
  m_PrefabAsset: {fileID: 0}
  m_GameObject: {fileID: 9150236707938592344}
  m_LocalRotation: {x: -0, y: -0.000000029802315, z: 0.000000029802315, w: 1}
  m_LocalPosition: {x: -0.016, y: -0, z: 0}
  m_LocalScale: {x: 0.04, y: 0.9000003, z: -1.6}
  m_ConstrainProportionsScale: 0
  m_Children: []
  m_Father: {fileID: 5214409445622726533}
  m_RootOrder: 2
  m_LocalEulerAnglesHint: {x: 0, y: 0, z: 0}
--- !u!33 &2738748638087349854
MeshFilter:
  m_ObjectHideFlags: 0
  m_CorrespondingSourceObject: {fileID: 0}
  m_PrefabInstance: {fileID: 0}
  m_PrefabAsset: {fileID: 0}
  m_GameObject: {fileID: 9150236707938592344}
  m_Mesh: {fileID: 10202, guid: 0000000000000000e000000000000000, type: 0}
--- !u!23 &4330392978240799658
MeshRenderer:
  m_ObjectHideFlags: 0
  m_CorrespondingSourceObject: {fileID: 0}
  m_PrefabInstance: {fileID: 0}
  m_PrefabAsset: {fileID: 0}
  m_GameObject: {fileID: 9150236707938592344}
  m_Enabled: 1
  m_CastShadows: 0
  m_ReceiveShadows: 1
  m_DynamicOccludee: 1
  m_StaticShadowCaster: 0
  m_MotionVectors: 1
  m_LightProbeUsage: 1
  m_ReflectionProbeUsage: 1
  m_RayTracingMode: 2
  m_RayTraceProcedural: 0
  m_RenderingLayerMask: 1
  m_RendererPriority: 0
  m_Materials:
  - {fileID: 2100000, guid: 5df75676da85b024b928414f90a35e24, type: 2}
  m_StaticBatchInfo:
    firstSubMesh: 0
    subMeshCount: 0
  m_StaticBatchRoot: {fileID: 0}
  m_ProbeAnchor: {fileID: 0}
  m_LightProbeVolumeOverride: {fileID: 0}
  m_ScaleInLightmap: 1
  m_ReceiveGI: 1
  m_PreserveUVs: 0
  m_IgnoreNormalsForChartDetection: 0
  m_ImportantGI: 0
  m_StitchLightmapSeams: 1
  m_SelectedEditorRenderState: 3
  m_MinimumChartSize: 4
  m_AutoUVMaxDistance: 0.5
  m_AutoUVMaxAngle: 89
  m_LightmapParameters: {fileID: 0}
  m_SortingLayerID: 0
  m_SortingLayer: 0
  m_SortingOrder: 0
  m_AdditionalVertexStreams: {fileID: 0}
--- !u!65 &5485552069881109927
BoxCollider:
  m_ObjectHideFlags: 0
  m_CorrespondingSourceObject: {fileID: 0}
  m_PrefabInstance: {fileID: 0}
  m_PrefabAsset: {fileID: 0}
  m_GameObject: {fileID: 9150236707938592344}
  m_Material: {fileID: 0}
  m_IsTrigger: 0
  m_Enabled: 0
  serializedVersion: 2
  m_Size: {x: 1, y: 1, z: 1}
  m_Center: {x: 0, y: 0, z: 0}
--- !u!1001 &1947310958179581586
PrefabInstance:
  m_ObjectHideFlags: 0
  serializedVersion: 2
  m_Modification:
    m_TransformParent: {fileID: 5214409445622726533}
    m_Modifications:
    - target: {fileID: 6006519032715361792, guid: 5ca0568e32a8a914f94e2cf7358510cd,
        type: 3}
      propertyPath: m_Name
      value: DrawCanvasProva
      objectReference: {fileID: 0}
    - target: {fileID: 6006519032715361796, guid: 5ca0568e32a8a914f94e2cf7358510cd,
        type: 3}
      propertyPath: m_RootOrder
      value: 0
      objectReference: {fileID: 0}
    - target: {fileID: 6006519032715361796, guid: 5ca0568e32a8a914f94e2cf7358510cd,
        type: 3}
      propertyPath: m_LocalScale.x
      value: 0.16
      objectReference: {fileID: 0}
    - target: {fileID: 6006519032715361796, guid: 5ca0568e32a8a914f94e2cf7358510cd,
        type: 3}
      propertyPath: m_LocalScale.y
      value: 0.1
      objectReference: {fileID: 0}
    - target: {fileID: 6006519032715361796, guid: 5ca0568e32a8a914f94e2cf7358510cd,
        type: 3}
      propertyPath: m_LocalScale.z
      value: 0.09
      objectReference: {fileID: 0}
    - target: {fileID: 6006519032715361796, guid: 5ca0568e32a8a914f94e2cf7358510cd,
        type: 3}
      propertyPath: m_LocalPosition.x
      value: 0
      objectReference: {fileID: 0}
    - target: {fileID: 6006519032715361796, guid: 5ca0568e32a8a914f94e2cf7358510cd,
        type: 3}
      propertyPath: m_LocalPosition.y
      value: 0
      objectReference: {fileID: 0}
    - target: {fileID: 6006519032715361796, guid: 5ca0568e32a8a914f94e2cf7358510cd,
        type: 3}
      propertyPath: m_LocalPosition.z
      value: 0
      objectReference: {fileID: 0}
    - target: {fileID: 6006519032715361796, guid: 5ca0568e32a8a914f94e2cf7358510cd,
        type: 3}
      propertyPath: m_LocalRotation.w
      value: 0.49999973
      objectReference: {fileID: 0}
    - target: {fileID: 6006519032715361796, guid: 5ca0568e32a8a914f94e2cf7358510cd,
        type: 3}
      propertyPath: m_LocalRotation.x
      value: 0.5000001
      objectReference: {fileID: 0}
    - target: {fileID: 6006519032715361796, guid: 5ca0568e32a8a914f94e2cf7358510cd,
        type: 3}
      propertyPath: m_LocalRotation.y
      value: -0.5000002
      objectReference: {fileID: 0}
    - target: {fileID: 6006519032715361796, guid: 5ca0568e32a8a914f94e2cf7358510cd,
        type: 3}
      propertyPath: m_LocalRotation.z
      value: 0.5
      objectReference: {fileID: 0}
    - target: {fileID: 6006519032715361796, guid: 5ca0568e32a8a914f94e2cf7358510cd,
        type: 3}
      propertyPath: m_LocalEulerAnglesHint.x
      value: 90
      objectReference: {fileID: 0}
    - target: {fileID: 6006519032715361796, guid: 5ca0568e32a8a914f94e2cf7358510cd,
        type: 3}
      propertyPath: m_LocalEulerAnglesHint.y
      value: 0
      objectReference: {fileID: 0}
    - target: {fileID: 6006519032715361796, guid: 5ca0568e32a8a914f94e2cf7358510cd,
        type: 3}
      propertyPath: m_LocalEulerAnglesHint.z
      value: 90
      objectReference: {fileID: 0}
    - target: {fileID: 6006519034143769176, guid: 5ca0568e32a8a914f94e2cf7358510cd,
        type: 3}
      propertyPath: m_Layer
      value: 0
      objectReference: {fileID: 0}
    - target: {fileID: 6006519034143769177, guid: 5ca0568e32a8a914f94e2cf7358510cd,
        type: 3}
      propertyPath: m_LocalPosition.x
      value: 0
      objectReference: {fileID: 0}
    - target: {fileID: 6006519034143769177, guid: 5ca0568e32a8a914f94e2cf7358510cd,
        type: 3}
      propertyPath: m_LocalPosition.y
      value: -0.21
      objectReference: {fileID: 0}
    - target: {fileID: 6006519034143769177, guid: 5ca0568e32a8a914f94e2cf7358510cd,
        type: 3}
      propertyPath: m_LocalPosition.z
      value: 0
      objectReference: {fileID: 0}
    - target: {fileID: 6006519034287698034, guid: 5ca0568e32a8a914f94e2cf7358510cd,
        type: 3}
      propertyPath: far clip plane
      value: 0.0325
      objectReference: {fileID: 0}
    - target: {fileID: 6006519034287698034, guid: 5ca0568e32a8a914f94e2cf7358510cd,
        type: 3}
      propertyPath: m_TargetTexture
      value: 
      objectReference: {fileID: 8400000, guid: fa6c0a1d96aab9c479fc1298b20fabb3, type: 2}
    - target: {fileID: 6006519034287698034, guid: 5ca0568e32a8a914f94e2cf7358510cd,
        type: 3}
      propertyPath: orthographic size
      value: 0.36
      objectReference: {fileID: 0}
    - target: {fileID: 6006519034287698044, guid: 5ca0568e32a8a914f94e2cf7358510cd,
        type: 3}
      propertyPath: m_LocalPosition.y
      value: 0.2
      objectReference: {fileID: 0}
    m_RemovedComponents: []
  m_SourcePrefab: {fileID: 100100000, guid: 5ca0568e32a8a914f94e2cf7358510cd, type: 3}
--- !u!4 &5214409444688642198 stripped
Transform:
  m_CorrespondingSourceObject: {fileID: 6006519032715361796, guid: 5ca0568e32a8a914f94e2cf7358510cd,
    type: 3}
  m_PrefabInstance: {fileID: 1947310958179581586}
  m_PrefabAsset: {fileID: 0}
--- !u!1001 &4560875005133311930
PrefabInstance:
  m_ObjectHideFlags: 0
  serializedVersion: 2
  m_Modification:
    m_TransformParent: {fileID: 5214409445124272266}
    m_Modifications:
    - target: {fileID: 7347152899187997387, guid: 711ca16c50837884eabbac37aaff138e,
        type: 3}
      propertyPath: m_Name
      value: Pennello_Base
      objectReference: {fileID: 0}
    - target: {fileID: 7979679310705631345, guid: 711ca16c50837884eabbac37aaff138e,
        type: 3}
      propertyPath: m_RootOrder
      value: 1
      objectReference: {fileID: 0}
    - target: {fileID: 7979679310705631345, guid: 711ca16c50837884eabbac37aaff138e,
        type: 3}
      propertyPath: m_LocalPosition.x
      value: 0.477
      objectReference: {fileID: 0}
    - target: {fileID: 7979679310705631345, guid: 711ca16c50837884eabbac37aaff138e,
        type: 3}
      propertyPath: m_LocalPosition.y
      value: 1.314
      objectReference: {fileID: 0}
    - target: {fileID: 7979679310705631345, guid: 711ca16c50837884eabbac37aaff138e,
        type: 3}
      propertyPath: m_LocalPosition.z
      value: -0.809
      objectReference: {fileID: 0}
    - target: {fileID: 7979679310705631345, guid: 711ca16c50837884eabbac37aaff138e,
        type: 3}
      propertyPath: m_LocalRotation.w
      value: 0.86602587
      objectReference: {fileID: 0}
    - target: {fileID: 7979679310705631345, guid: 711ca16c50837884eabbac37aaff138e,
        type: 3}
      propertyPath: m_LocalRotation.x
      value: -0
      objectReference: {fileID: 0}
    - target: {fileID: 7979679310705631345, guid: 711ca16c50837884eabbac37aaff138e,
        type: 3}
      propertyPath: m_LocalRotation.y
      value: 0.49999934
      objectReference: {fileID: 0}
    - target: {fileID: 7979679310705631345, guid: 711ca16c50837884eabbac37aaff138e,
        type: 3}
      propertyPath: m_LocalRotation.z
      value: -0
      objectReference: {fileID: 0}
    - target: {fileID: 7979679310705631345, guid: 711ca16c50837884eabbac37aaff138e,
        type: 3}
      propertyPath: m_LocalEulerAnglesHint.x
      value: 0
      objectReference: {fileID: 0}
    - target: {fileID: 7979679310705631345, guid: 711ca16c50837884eabbac37aaff138e,
        type: 3}
      propertyPath: m_LocalEulerAnglesHint.y
      value: 60
      objectReference: {fileID: 0}
    - target: {fileID: 7979679310705631345, guid: 711ca16c50837884eabbac37aaff138e,
        type: 3}
      propertyPath: m_LocalEulerAnglesHint.z
      value: 0
      objectReference: {fileID: 0}
    m_RemovedComponents: []
  m_SourcePrefab: {fileID: 100100000, guid: 711ca16c50837884eabbac37aaff138e, type: 3}
--- !u!4 &5906189062687518667 stripped
Transform:
  m_CorrespondingSourceObject: {fileID: 7979679310705631345, guid: 711ca16c50837884eabbac37aaff138e,
    type: 3}
  m_PrefabInstance: {fileID: 4560875005133311930}
  m_PrefabAsset: {fileID: 0}
--- !u!1001 &4571607729506531400
PrefabInstance:
  m_ObjectHideFlags: 0
  serializedVersion: 2
  m_Modification:
    m_TransformParent: {fileID: 7782604912286613727}
    m_Modifications:
    - target: {fileID: -8679921383154817045, guid: 1d0c66d80e097c64c956d9fc787135b8,
        type: 3}
      propertyPath: m_RootOrder
      value: 0
      objectReference: {fileID: 0}
    - target: {fileID: -8679921383154817045, guid: 1d0c66d80e097c64c956d9fc787135b8,
        type: 3}
      propertyPath: m_LocalScale.x
      value: 0.05999999
      objectReference: {fileID: 0}
    - target: {fileID: -8679921383154817045, guid: 1d0c66d80e097c64c956d9fc787135b8,
        type: 3}
      propertyPath: m_LocalScale.y
      value: 0.05999999
      objectReference: {fileID: 0}
    - target: {fileID: -8679921383154817045, guid: 1d0c66d80e097c64c956d9fc787135b8,
        type: 3}
      propertyPath: m_LocalScale.z
      value: 0.05999999
      objectReference: {fileID: 0}
    - target: {fileID: -8679921383154817045, guid: 1d0c66d80e097c64c956d9fc787135b8,
        type: 3}
      propertyPath: m_LocalPosition.x
      value: 0
      objectReference: {fileID: 0}
    - target: {fileID: -8679921383154817045, guid: 1d0c66d80e097c64c956d9fc787135b8,
        type: 3}
      propertyPath: m_LocalPosition.y
      value: 0
      objectReference: {fileID: 0}
    - target: {fileID: -8679921383154817045, guid: 1d0c66d80e097c64c956d9fc787135b8,
        type: 3}
      propertyPath: m_LocalPosition.z
      value: 0
      objectReference: {fileID: 0}
    - target: {fileID: -8679921383154817045, guid: 1d0c66d80e097c64c956d9fc787135b8,
        type: 3}
      propertyPath: m_LocalRotation.w
      value: 0.7071068
      objectReference: {fileID: 0}
    - target: {fileID: -8679921383154817045, guid: 1d0c66d80e097c64c956d9fc787135b8,
        type: 3}
      propertyPath: m_LocalRotation.x
      value: -0.7071068
      objectReference: {fileID: 0}
    - target: {fileID: -8679921383154817045, guid: 1d0c66d80e097c64c956d9fc787135b8,
        type: 3}
      propertyPath: m_LocalRotation.y
      value: 0.000000029802322
      objectReference: {fileID: 0}
    - target: {fileID: -8679921383154817045, guid: 1d0c66d80e097c64c956d9fc787135b8,
        type: 3}
      propertyPath: m_LocalRotation.z
      value: 0.000000029802322
      objectReference: {fileID: 0}
    - target: {fileID: -8679921383154817045, guid: 1d0c66d80e097c64c956d9fc787135b8,
        type: 3}
      propertyPath: m_LocalEulerAnglesHint.x
      value: -90
      objectReference: {fileID: 0}
    - target: {fileID: -8679921383154817045, guid: 1d0c66d80e097c64c956d9fc787135b8,
        type: 3}
      propertyPath: m_LocalEulerAnglesHint.y
      value: 0
      objectReference: {fileID: 0}
    - target: {fileID: -8679921383154817045, guid: 1d0c66d80e097c64c956d9fc787135b8,
        type: 3}
      propertyPath: m_LocalEulerAnglesHint.z
      value: 0
      objectReference: {fileID: 0}
    - target: {fileID: -8679921383154817045, guid: 1d0c66d80e097c64c956d9fc787135b8,
        type: 3}
      propertyPath: m_ConstrainProportionsScale
      value: 1
      objectReference: {fileID: 0}
    - target: {fileID: -7511558181221131132, guid: 1d0c66d80e097c64c956d9fc787135b8,
        type: 3}
      propertyPath: m_Materials.Array.data[0]
      value: 
      objectReference: {fileID: 2100000, guid: 19eac04e0e3df4e41b37549214f7915b, type: 2}
    - target: {fileID: 919132149155446097, guid: 1d0c66d80e097c64c956d9fc787135b8,
        type: 3}
      propertyPath: m_Name
      value: BicchiereNoMateriale
      objectReference: {fileID: 0}
    m_RemovedComponents: []
  m_SourcePrefab: {fileID: 100100000, guid: 1d0c66d80e097c64c956d9fc787135b8, type: 3}
--- !u!1 &3724746082495202585 stripped
GameObject:
  m_CorrespondingSourceObject: {fileID: 919132149155446097, guid: 1d0c66d80e097c64c956d9fc787135b8,
    type: 3}
  m_PrefabInstance: {fileID: 4571607729506531400}
  m_PrefabAsset: {fileID: 0}
--- !u!64 &5212351067889922262
MeshCollider:
  m_ObjectHideFlags: 0
  m_CorrespondingSourceObject: {fileID: 0}
  m_PrefabInstance: {fileID: 0}
  m_PrefabAsset: {fileID: 0}
  m_GameObject: {fileID: 3724746082495202585}
  m_Material: {fileID: 0}
  m_IsTrigger: 0
  m_Enabled: 1
  serializedVersion: 4
  m_Convex: 1
  m_CookingOptions: 30
  m_Mesh: {fileID: 2534964839176971238, guid: 1d0c66d80e097c64c956d9fc787135b8, type: 3}
--- !u!4 &4105915614484750243 stripped
Transform:
  m_CorrespondingSourceObject: {fileID: -8679921383154817045, guid: 1d0c66d80e097c64c956d9fc787135b8,
    type: 3}
  m_PrefabInstance: {fileID: 4571607729506531400}
  m_PrefabAsset: {fileID: 0}
--- !u!1001 &4601220244119886867
PrefabInstance:
  m_ObjectHideFlags: 0
  serializedVersion: 2
  m_Modification:
    m_TransformParent: {fileID: 566304555734450667}
    m_Modifications:
    - target: {fileID: 2127187742, guid: 1a2ca8d5c47b21740aa158ee4cc26175, type: 3}
      propertyPath: eraser
      value: 
      objectReference: {fileID: 5214409444023586982}
    - target: {fileID: 2127187742, guid: 1a2ca8d5c47b21740aa158ee4cc26175, type: 3}
      propertyPath: loader
      value: 
      objectReference: {fileID: 9150236707938592344}
    - target: {fileID: 2127187742, guid: 1a2ca8d5c47b21740aa158ee4cc26175, type: 3}
      propertyPath: captureCamera
      value: 
      objectReference: {fileID: 3767587671868610981}
    - target: {fileID: 2127187742, guid: 1a2ca8d5c47b21740aa158ee4cc26175, type: 3}
      propertyPath: paintNameField
      value: 
      objectReference: {fileID: 8204499047076787089}
    - target: {fileID: 2885481234278387878, guid: 1a2ca8d5c47b21740aa158ee4cc26175,
        type: 3}
      propertyPath: m_VerticalAlignment
      value: 512
      objectReference: {fileID: 0}
    - target: {fileID: 2885481234278387878, guid: 1a2ca8d5c47b21740aa158ee4cc26175,
        type: 3}
      propertyPath: m_HorizontalAlignment
      value: 1
      objectReference: {fileID: 0}
    - target: {fileID: 3117493076981351917, guid: 1a2ca8d5c47b21740aa158ee4cc26175,
        type: 3}
      propertyPath: m_OnClick.m_PersistentCalls.m_Calls.Array.size
      value: 1
      objectReference: {fileID: 0}
    - target: {fileID: 3117493076981351917, guid: 1a2ca8d5c47b21740aa158ee4cc26175,
        type: 3}
      propertyPath: m_OnClick.m_PersistentCalls.m_Calls.Array.data[0].m_Mode
      value: 1
      objectReference: {fileID: 0}
    - target: {fileID: 3117493076981351917, guid: 1a2ca8d5c47b21740aa158ee4cc26175,
        type: 3}
      propertyPath: m_OnClick.m_PersistentCalls.m_Calls.Array.data[0].m_Target
      value: 
      objectReference: {fileID: 4601220245977322253}
    - target: {fileID: 3117493076981351917, guid: 1a2ca8d5c47b21740aa158ee4cc26175,
        type: 3}
      propertyPath: m_OnClick.m_PersistentCalls.m_Calls.Array.data[0].m_CallState
      value: 2
      objectReference: {fileID: 0}
    - target: {fileID: 3117493076981351917, guid: 1a2ca8d5c47b21740aa158ee4cc26175,
        type: 3}
      propertyPath: m_OnClick.m_PersistentCalls.m_Calls.Array.data[0].m_MethodName
      value: SaveButton
      objectReference: {fileID: 0}
    - target: {fileID: 3117493076981351917, guid: 1a2ca8d5c47b21740aa158ee4cc26175,
        type: 3}
      propertyPath: m_OnClick.m_PersistentCalls.m_Calls.Array.data[0].m_TargetAssemblyTypeName
      value: SaveDeleteGUI, Assembly-CSharp
      objectReference: {fileID: 0}
    - target: {fileID: 3117493076981351917, guid: 1a2ca8d5c47b21740aa158ee4cc26175,
        type: 3}
      propertyPath: m_OnClick.m_PersistentCalls.m_Calls.Array.data[0].m_Arguments.m_ObjectArgumentAssemblyTypeName
      value: UnityEngine.Object, UnityEngine
      objectReference: {fileID: 0}
    - target: {fileID: 5622441798955757442, guid: 1a2ca8d5c47b21740aa158ee4cc26175,
        type: 3}
      propertyPath: m_Colors.m_DisabledColor.a
      value: 1
      objectReference: {fileID: 0}
    - target: {fileID: 5622441798955757442, guid: 1a2ca8d5c47b21740aa158ee4cc26175,
        type: 3}
      propertyPath: m_Colors.m_DisabledColor.b
      value: 1
      objectReference: {fileID: 0}
    - target: {fileID: 5622441798955757442, guid: 1a2ca8d5c47b21740aa158ee4cc26175,
        type: 3}
      propertyPath: m_Colors.m_DisabledColor.g
      value: 1
      objectReference: {fileID: 0}
    - target: {fileID: 5622441798955757442, guid: 1a2ca8d5c47b21740aa158ee4cc26175,
        type: 3}
      propertyPath: m_Colors.m_DisabledColor.r
      value: 1
      objectReference: {fileID: 0}
    - target: {fileID: 7475149181097441249, guid: 1a2ca8d5c47b21740aa158ee4cc26175,
        type: 3}
      propertyPath: m_OnClick.m_PersistentCalls.m_Calls.Array.size
      value: 1
      objectReference: {fileID: 0}
    - target: {fileID: 7475149181097441249, guid: 1a2ca8d5c47b21740aa158ee4cc26175,
        type: 3}
      propertyPath: m_OnClick.m_PersistentCalls.m_Calls.Array.data[0].m_Mode
      value: 1
      objectReference: {fileID: 0}
    - target: {fileID: 7475149181097441249, guid: 1a2ca8d5c47b21740aa158ee4cc26175,
        type: 3}
      propertyPath: m_OnClick.m_PersistentCalls.m_Calls.Array.data[0].m_Target
      value: 
      objectReference: {fileID: 5214409444449243226}
    - target: {fileID: 7475149181097441249, guid: 1a2ca8d5c47b21740aa158ee4cc26175,
        type: 3}
      propertyPath: m_OnClick.m_PersistentCalls.m_Calls.Array.data[0].m_CallState
      value: 2
      objectReference: {fileID: 0}
    - target: {fileID: 7475149181097441249, guid: 1a2ca8d5c47b21740aa158ee4cc26175,
        type: 3}
      propertyPath: m_OnClick.m_PersistentCalls.m_Calls.Array.data[0].m_MethodName
      value: OpenVRKeyboard
      objectReference: {fileID: 0}
    - target: {fileID: 7475149181097441249, guid: 1a2ca8d5c47b21740aa158ee4cc26175,
        type: 3}
      propertyPath: m_OnClick.m_PersistentCalls.m_Calls.Array.data[0].m_TargetAssemblyTypeName
      value: ShowVRKeyboard, Assembly-CSharp
      objectReference: {fileID: 0}
    - target: {fileID: 7475149181097441249, guid: 1a2ca8d5c47b21740aa158ee4cc26175,
        type: 3}
      propertyPath: m_OnClick.m_PersistentCalls.m_Calls.Array.data[0].m_Arguments.m_ObjectArgumentAssemblyTypeName
      value: UnityEngine.Object, UnityEngine
      objectReference: {fileID: 0}
    - target: {fileID: 8176120626388014889, guid: 1a2ca8d5c47b21740aa158ee4cc26175,
        type: 3}
      propertyPath: m_SizeDelta.x
      value: 310
      objectReference: {fileID: 0}
    - target: {fileID: 8176120626388014889, guid: 1a2ca8d5c47b21740aa158ee4cc26175,
        type: 3}
      propertyPath: m_SizeDelta.y
      value: 60
      objectReference: {fileID: 0}
    - target: {fileID: 8613025076243497810, guid: 1a2ca8d5c47b21740aa158ee4cc26175,
        type: 3}
      propertyPath: m_Pivot.x
      value: 0.5
      objectReference: {fileID: 0}
    - target: {fileID: 8613025076243497810, guid: 1a2ca8d5c47b21740aa158ee4cc26175,
        type: 3}
      propertyPath: m_Pivot.y
      value: 0.5
      objectReference: {fileID: 0}
    - target: {fileID: 8613025076243497810, guid: 1a2ca8d5c47b21740aa158ee4cc26175,
        type: 3}
      propertyPath: m_RootOrder
      value: 1
      objectReference: {fileID: 0}
    - target: {fileID: 8613025076243497810, guid: 1a2ca8d5c47b21740aa158ee4cc26175,
        type: 3}
      propertyPath: m_AnchorMax.x
      value: 0
      objectReference: {fileID: 0}
    - target: {fileID: 8613025076243497810, guid: 1a2ca8d5c47b21740aa158ee4cc26175,
        type: 3}
      propertyPath: m_AnchorMax.y
      value: 0
      objectReference: {fileID: 0}
    - target: {fileID: 8613025076243497810, guid: 1a2ca8d5c47b21740aa158ee4cc26175,
        type: 3}
      propertyPath: m_AnchorMin.x
      value: 0
      objectReference: {fileID: 0}
    - target: {fileID: 8613025076243497810, guid: 1a2ca8d5c47b21740aa158ee4cc26175,
        type: 3}
      propertyPath: m_AnchorMin.y
      value: 0
      objectReference: {fileID: 0}
    - target: {fileID: 8613025076243497810, guid: 1a2ca8d5c47b21740aa158ee4cc26175,
        type: 3}
      propertyPath: m_SizeDelta.x
      value: 780
      objectReference: {fileID: 0}
    - target: {fileID: 8613025076243497810, guid: 1a2ca8d5c47b21740aa158ee4cc26175,
        type: 3}
      propertyPath: m_SizeDelta.y
      value: 90
      objectReference: {fileID: 0}
    - target: {fileID: 8613025076243497810, guid: 1a2ca8d5c47b21740aa158ee4cc26175,
        type: 3}
      propertyPath: m_LocalPosition.x
      value: 0
      objectReference: {fileID: 0}
    - target: {fileID: 8613025076243497810, guid: 1a2ca8d5c47b21740aa158ee4cc26175,
        type: 3}
      propertyPath: m_LocalPosition.y
      value: 0
      objectReference: {fileID: 0}
    - target: {fileID: 8613025076243497810, guid: 1a2ca8d5c47b21740aa158ee4cc26175,
        type: 3}
      propertyPath: m_LocalPosition.z
      value: -0
      objectReference: {fileID: 0}
    - target: {fileID: 8613025076243497810, guid: 1a2ca8d5c47b21740aa158ee4cc26175,
        type: 3}
      propertyPath: m_LocalRotation.w
      value: 1
      objectReference: {fileID: 0}
    - target: {fileID: 8613025076243497810, guid: 1a2ca8d5c47b21740aa158ee4cc26175,
        type: 3}
      propertyPath: m_LocalRotation.x
      value: -0
      objectReference: {fileID: 0}
    - target: {fileID: 8613025076243497810, guid: 1a2ca8d5c47b21740aa158ee4cc26175,
        type: 3}
      propertyPath: m_LocalRotation.y
      value: -0
      objectReference: {fileID: 0}
    - target: {fileID: 8613025076243497810, guid: 1a2ca8d5c47b21740aa158ee4cc26175,
        type: 3}
      propertyPath: m_LocalRotation.z
      value: -0
      objectReference: {fileID: 0}
    - target: {fileID: 8613025076243497810, guid: 1a2ca8d5c47b21740aa158ee4cc26175,
        type: 3}
      propertyPath: m_AnchoredPosition.x
      value: 555
      objectReference: {fileID: 0}
    - target: {fileID: 8613025076243497810, guid: 1a2ca8d5c47b21740aa158ee4cc26175,
        type: 3}
      propertyPath: m_AnchoredPosition.y
      value: -105
      objectReference: {fileID: 0}
    - target: {fileID: 8613025076243497810, guid: 1a2ca8d5c47b21740aa158ee4cc26175,
        type: 3}
      propertyPath: m_LocalEulerAnglesHint.x
      value: 0
      objectReference: {fileID: 0}
    - target: {fileID: 8613025076243497810, guid: 1a2ca8d5c47b21740aa158ee4cc26175,
        type: 3}
      propertyPath: m_LocalEulerAnglesHint.y
      value: 0
      objectReference: {fileID: 0}
    - target: {fileID: 8613025076243497810, guid: 1a2ca8d5c47b21740aa158ee4cc26175,
        type: 3}
      propertyPath: m_LocalEulerAnglesHint.z
      value: 0
      objectReference: {fileID: 0}
    - target: {fileID: 8613025076243497811, guid: 1a2ca8d5c47b21740aa158ee4cc26175,
        type: 3}
      propertyPath: m_Name
      value: Saving/Deleting
      objectReference: {fileID: 0}
    - target: {fileID: 8613025076243497814, guid: 1a2ca8d5c47b21740aa158ee4cc26175,
        type: 3}
      propertyPath: m_Camera
      value: 
      objectReference: {fileID: 0}
    m_RemovedComponents: []
  m_SourcePrefab: {fileID: 100100000, guid: 1a2ca8d5c47b21740aa158ee4cc26175, type: 3}
--- !u!114 &4601220245977322253 stripped
MonoBehaviour:
  m_CorrespondingSourceObject: {fileID: 2127187742, guid: 1a2ca8d5c47b21740aa158ee4cc26175,
    type: 3}
  m_PrefabInstance: {fileID: 4601220244119886867}
  m_PrefabAsset: {fileID: 0}
  m_GameObject: {fileID: 0}
  m_Enabled: 1
  m_EditorHideFlags: 0
  m_Script: {fileID: 11500000, guid: 33ac7adc103ed9e4eb7eb17eff7f45a0, type: 3}
  m_Name: 
  m_EditorClassIdentifier: 
--- !u!114 &8204499047076787089 stripped
MonoBehaviour:
  m_CorrespondingSourceObject: {fileID: 5622441798955757442, guid: 1a2ca8d5c47b21740aa158ee4cc26175,
    type: 3}
  m_PrefabInstance: {fileID: 4601220244119886867}
  m_PrefabAsset: {fileID: 0}
  m_GameObject: {fileID: 9118459929921444247}
  m_Enabled: 1
  m_EditorHideFlags: 0
  m_Script: {fileID: 11500000, guid: 2da0c512f12947e489f739169773d7ca, type: 3}
  m_Name: 
  m_EditorClassIdentifier: 
--- !u!1 &9118459929921444247 stripped
GameObject:
  m_CorrespondingSourceObject: {fileID: 4706709737113372036, guid: 1a2ca8d5c47b21740aa158ee4cc26175,
    type: 3}
  m_PrefabInstance: {fileID: 4601220244119886867}
  m_PrefabAsset: {fileID: 0}
--- !u!114 &5214409444449243226
MonoBehaviour:
  m_ObjectHideFlags: 0
  m_CorrespondingSourceObject: {fileID: 0}
  m_PrefabInstance: {fileID: 0}
  m_PrefabAsset: {fileID: 0}
  m_GameObject: {fileID: 9118459929921444247}
  m_Enabled: 1
  m_EditorHideFlags: 0
  m_Script: {fileID: 11500000, guid: a73278fa0016f244fb84b45e63fcb40a, type: 3}
  m_Name: 
  m_EditorClassIdentifier: 
--- !u!1001 &5214409443812923803
PrefabInstance:
  m_ObjectHideFlags: 0
  serializedVersion: 2
  m_Modification:
    m_TransformParent: {fileID: 5214409445124272266}
    m_Modifications:
    - target: {fileID: 305255609147920327, guid: 1d8f69bc24ded764cb916ad9a018e2db,
        type: 3}
      propertyPath: m_Size.x
      value: 1
      objectReference: {fileID: 0}
    - target: {fileID: 305255609147920327, guid: 1d8f69bc24ded764cb916ad9a018e2db,
        type: 3}
      propertyPath: m_Size.y
      value: 1
      objectReference: {fileID: 0}
    - target: {fileID: 305255609147920327, guid: 1d8f69bc24ded764cb916ad9a018e2db,
        type: 3}
      propertyPath: m_Size.z
      value: 1
      objectReference: {fileID: 0}
    - target: {fileID: 305255609147920327, guid: 1d8f69bc24ded764cb916ad9a018e2db,
        type: 3}
      propertyPath: m_IsTrigger
      value: 1
      objectReference: {fileID: 0}
    - target: {fileID: 1167335796802508994, guid: 1d8f69bc24ded764cb916ad9a018e2db,
        type: 3}
      propertyPath: m_Materials.Array.data[0]
      value: 
      objectReference: {fileID: 2100000, guid: 84ee2682c0bbdaf4a84dccbc4a6ac239, type: 2}
    - target: {fileID: 1225900653215281573, guid: 1d8f69bc24ded764cb916ad9a018e2db,
        type: 3}
      propertyPath: m_UseGravity
      value: 0
      objectReference: {fileID: 0}
    - target: {fileID: 1225900653215281573, guid: 1d8f69bc24ded764cb916ad9a018e2db,
        type: 3}
      propertyPath: m_IsKinematic
      value: 1
      objectReference: {fileID: 0}
    - target: {fileID: 1225900653215281573, guid: 1d8f69bc24ded764cb916ad9a018e2db,
        type: 3}
      propertyPath: m_CollisionDetection
      value: 2
      objectReference: {fileID: 0}
    - target: {fileID: 1571136243610690386, guid: 1d8f69bc24ded764cb916ad9a018e2db,
        type: 3}
      propertyPath: m_UseGravity
      value: 0
      objectReference: {fileID: 0}
    - target: {fileID: 1571136243610690386, guid: 1d8f69bc24ded764cb916ad9a018e2db,
        type: 3}
      propertyPath: m_IsKinematic
      value: 1
      objectReference: {fileID: 0}
    - target: {fileID: 1571136243610690386, guid: 1d8f69bc24ded764cb916ad9a018e2db,
        type: 3}
      propertyPath: m_CollisionDetection
      value: 2
      objectReference: {fileID: 0}
    - target: {fileID: 3434807319709806420, guid: 1d8f69bc24ded764cb916ad9a018e2db,
        type: 3}
      propertyPath: m_Name
      value: DemoPalette
      objectReference: {fileID: 0}
    - target: {fileID: 3434807319709806420, guid: 1d8f69bc24ded764cb916ad9a018e2db,
        type: 3}
      propertyPath: m_TagString
      value: Untagged
      objectReference: {fileID: 0}
    - target: {fileID: 3490872588774255973, guid: 1d8f69bc24ded764cb916ad9a018e2db,
        type: 3}
      propertyPath: m_UseGravity
      value: 0
      objectReference: {fileID: 0}
    - target: {fileID: 3490872588774255973, guid: 1d8f69bc24ded764cb916ad9a018e2db,
        type: 3}
      propertyPath: m_IsKinematic
      value: 1
      objectReference: {fileID: 0}
    - target: {fileID: 3490872588774255973, guid: 1d8f69bc24ded764cb916ad9a018e2db,
        type: 3}
      propertyPath: m_CollisionDetection
      value: 2
      objectReference: {fileID: 0}
    - target: {fileID: 3949343177306657776, guid: 1d8f69bc24ded764cb916ad9a018e2db,
        type: 3}
      propertyPath: m_Materials.Array.data[0]
      value: 
      objectReference: {fileID: 2100000, guid: 19e6d6fd67dde804f81f4e7fc3b1029a, type: 2}
    - target: {fileID: 4020125895638135232, guid: 1d8f69bc24ded764cb916ad9a018e2db,
        type: 3}
      propertyPath: m_Size.x
      value: 1
      objectReference: {fileID: 0}
    - target: {fileID: 4020125895638135232, guid: 1d8f69bc24ded764cb916ad9a018e2db,
        type: 3}
      propertyPath: m_Size.y
      value: 1
      objectReference: {fileID: 0}
    - target: {fileID: 4020125895638135232, guid: 1d8f69bc24ded764cb916ad9a018e2db,
        type: 3}
      propertyPath: m_Size.z
      value: 1
      objectReference: {fileID: 0}
    - target: {fileID: 4020125895638135232, guid: 1d8f69bc24ded764cb916ad9a018e2db,
        type: 3}
      propertyPath: m_IsTrigger
      value: 1
      objectReference: {fileID: 0}
    - target: {fileID: 4036357289894159278, guid: 1d8f69bc24ded764cb916ad9a018e2db,
        type: 3}
      propertyPath: m_Materials.Array.data[0]
      value: 
      objectReference: {fileID: 2100000, guid: eb0f181c5a0b08d4c8face6b796daea3, type: 2}
    - target: {fileID: 4111252383458857028, guid: 1d8f69bc24ded764cb916ad9a018e2db,
        type: 3}
      propertyPath: m_Materials.Array.data[0]
      value: 
      objectReference: {fileID: 2100000, guid: b97fa01ea130a654282846d69f7c68ef, type: 2}
    - target: {fileID: 4111882523897824917, guid: 1d8f69bc24ded764cb916ad9a018e2db,
        type: 3}
      propertyPath: m_Size.x
      value: 1
      objectReference: {fileID: 0}
    - target: {fileID: 4111882523897824917, guid: 1d8f69bc24ded764cb916ad9a018e2db,
        type: 3}
      propertyPath: m_Size.y
      value: 1
      objectReference: {fileID: 0}
    - target: {fileID: 4111882523897824917, guid: 1d8f69bc24ded764cb916ad9a018e2db,
        type: 3}
      propertyPath: m_Size.z
      value: 1
      objectReference: {fileID: 0}
    - target: {fileID: 4111882523897824917, guid: 1d8f69bc24ded764cb916ad9a018e2db,
        type: 3}
      propertyPath: m_IsTrigger
      value: 1
      objectReference: {fileID: 0}
    - target: {fileID: 4470507075146220021, guid: 1d8f69bc24ded764cb916ad9a018e2db,
        type: 3}
      propertyPath: m_Materials.Array.data[0]
      value: 
      objectReference: {fileID: 2100000, guid: 18fd13427cb0ac04bb93716719496bed, type: 2}
    - target: {fileID: 4523129083652653308, guid: 1d8f69bc24ded764cb916ad9a018e2db,
        type: 3}
      propertyPath: m_Materials.Array.data[0]
      value: 
      objectReference: {fileID: 2100000, guid: 278caed257bb3aa48a9737f75cf13673, type: 2}
    - target: {fileID: 5239402976730894009, guid: 1d8f69bc24ded764cb916ad9a018e2db,
        type: 3}
      propertyPath: m_Size.x
      value: 1
      objectReference: {fileID: 0}
    - target: {fileID: 5239402976730894009, guid: 1d8f69bc24ded764cb916ad9a018e2db,
        type: 3}
      propertyPath: m_Size.y
      value: 1
      objectReference: {fileID: 0}
    - target: {fileID: 5239402976730894009, guid: 1d8f69bc24ded764cb916ad9a018e2db,
        type: 3}
      propertyPath: m_Size.z
      value: 1
      objectReference: {fileID: 0}
    - target: {fileID: 5477495410243706193, guid: 1d8f69bc24ded764cb916ad9a018e2db,
        type: 3}
      propertyPath: m_UseGravity
      value: 0
      objectReference: {fileID: 0}
    - target: {fileID: 5477495410243706193, guid: 1d8f69bc24ded764cb916ad9a018e2db,
        type: 3}
      propertyPath: m_IsKinematic
      value: 1
      objectReference: {fileID: 0}
    - target: {fileID: 5477495410243706193, guid: 1d8f69bc24ded764cb916ad9a018e2db,
        type: 3}
      propertyPath: m_CollisionDetection
      value: 2
      objectReference: {fileID: 0}
    - target: {fileID: 5516562761324677995, guid: 1d8f69bc24ded764cb916ad9a018e2db,
        type: 3}
      propertyPath: m_Size.x
      value: 1
      objectReference: {fileID: 0}
    - target: {fileID: 5516562761324677995, guid: 1d8f69bc24ded764cb916ad9a018e2db,
        type: 3}
      propertyPath: m_Size.y
      value: 1
      objectReference: {fileID: 0}
    - target: {fileID: 5516562761324677995, guid: 1d8f69bc24ded764cb916ad9a018e2db,
        type: 3}
      propertyPath: m_Size.z
      value: 1
      objectReference: {fileID: 0}
    - target: {fileID: 5516562761324677995, guid: 1d8f69bc24ded764cb916ad9a018e2db,
        type: 3}
      propertyPath: m_IsTrigger
      value: 1
      objectReference: {fileID: 0}
    - target: {fileID: 5817663438162678071, guid: 1d8f69bc24ded764cb916ad9a018e2db,
        type: 3}
      propertyPath: m_Materials.Array.data[0]
      value: 
      objectReference: {fileID: 2100000, guid: f2452e0f180f2be4e94a1793d04c4375, type: 2}
    - target: {fileID: 5979611280308920802, guid: 1d8f69bc24ded764cb916ad9a018e2db,
        type: 3}
      propertyPath: m_RootOrder
      value: 0
      objectReference: {fileID: 0}
    - target: {fileID: 5979611280308920802, guid: 1d8f69bc24ded764cb916ad9a018e2db,
        type: 3}
      propertyPath: m_LocalScale.x
      value: 0.19999999
      objectReference: {fileID: 0}
    - target: {fileID: 5979611280308920802, guid: 1d8f69bc24ded764cb916ad9a018e2db,
        type: 3}
      propertyPath: m_LocalScale.y
      value: 0.020000001
      objectReference: {fileID: 0}
    - target: {fileID: 5979611280308920802, guid: 1d8f69bc24ded764cb916ad9a018e2db,
        type: 3}
      propertyPath: m_LocalScale.z
      value: 0.39999998
      objectReference: {fileID: 0}
    - target: {fileID: 5979611280308920802, guid: 1d8f69bc24ded764cb916ad9a018e2db,
        type: 3}
      propertyPath: m_LocalPosition.x
      value: 0.30485192
      objectReference: {fileID: 0}
    - target: {fileID: 5979611280308920802, guid: 1d8f69bc24ded764cb916ad9a018e2db,
        type: 3}
      propertyPath: m_LocalPosition.y
      value: 1.167
      objectReference: {fileID: 0}
    - target: {fileID: 5979611280308920802, guid: 1d8f69bc24ded764cb916ad9a018e2db,
        type: 3}
      propertyPath: m_LocalPosition.z
      value: -0.7590389
      objectReference: {fileID: 0}
    - target: {fileID: 5979611280308920802, guid: 1d8f69bc24ded764cb916ad9a018e2db,
        type: 3}
      propertyPath: m_LocalRotation.w
      value: 0.8586169
      objectReference: {fileID: 0}
    - target: {fileID: 5979611280308920802, guid: 1d8f69bc24ded764cb916ad9a018e2db,
        type: 3}
      propertyPath: m_LocalRotation.x
      value: 0.065263286
      objectReference: {fileID: 0}
    - target: {fileID: 5979611280308920802, guid: 1d8f69bc24ded764cb916ad9a018e2db,
        type: 3}
      propertyPath: m_LocalRotation.y
      value: 0.49572158
      objectReference: {fileID: 0}
    - target: {fileID: 5979611280308920802, guid: 1d8f69bc24ded764cb916ad9a018e2db,
        type: 3}
      propertyPath: m_LocalRotation.z
      value: 0.113039576
      objectReference: {fileID: 0}
    - target: {fileID: 5979611280308920802, guid: 1d8f69bc24ded764cb916ad9a018e2db,
        type: 3}
      propertyPath: m_LocalEulerAnglesHint.x
      value: 0
      objectReference: {fileID: 0}
    - target: {fileID: 5979611280308920802, guid: 1d8f69bc24ded764cb916ad9a018e2db,
        type: 3}
      propertyPath: m_LocalEulerAnglesHint.y
      value: 60
      objectReference: {fileID: 0}
    - target: {fileID: 5979611280308920802, guid: 1d8f69bc24ded764cb916ad9a018e2db,
        type: 3}
      propertyPath: m_LocalEulerAnglesHint.z
      value: 15
      objectReference: {fileID: 0}
    - target: {fileID: 5979611280308920802, guid: 1d8f69bc24ded764cb916ad9a018e2db,
        type: 3}
      propertyPath: m_ConstrainProportionsScale
      value: 1
      objectReference: {fileID: 0}
    - target: {fileID: 6044705684785638580, guid: 1d8f69bc24ded764cb916ad9a018e2db,
        type: 3}
      propertyPath: m_Size.x
      value: 1
      objectReference: {fileID: 0}
    - target: {fileID: 6044705684785638580, guid: 1d8f69bc24ded764cb916ad9a018e2db,
        type: 3}
      propertyPath: m_Size.y
      value: 1
      objectReference: {fileID: 0}
    - target: {fileID: 6044705684785638580, guid: 1d8f69bc24ded764cb916ad9a018e2db,
        type: 3}
      propertyPath: m_Size.z
      value: 1
      objectReference: {fileID: 0}
    - target: {fileID: 6044705684785638580, guid: 1d8f69bc24ded764cb916ad9a018e2db,
        type: 3}
      propertyPath: m_IsTrigger
      value: 1
      objectReference: {fileID: 0}
    - target: {fileID: 6383743886794776254, guid: 1d8f69bc24ded764cb916ad9a018e2db,
        type: 3}
      propertyPath: m_Size.x
      value: 1
      objectReference: {fileID: 0}
    - target: {fileID: 6383743886794776254, guid: 1d8f69bc24ded764cb916ad9a018e2db,
        type: 3}
      propertyPath: m_Size.y
      value: 1
      objectReference: {fileID: 0}
    - target: {fileID: 6383743886794776254, guid: 1d8f69bc24ded764cb916ad9a018e2db,
        type: 3}
      propertyPath: m_Size.z
      value: 1
      objectReference: {fileID: 0}
    - target: {fileID: 6383743886794776254, guid: 1d8f69bc24ded764cb916ad9a018e2db,
        type: 3}
      propertyPath: m_IsTrigger
      value: 1
      objectReference: {fileID: 0}
    - target: {fileID: 7000991720694762838, guid: 1d8f69bc24ded764cb916ad9a018e2db,
        type: 3}
      propertyPath: m_Materials.Array.data[0]
      value: 
      objectReference: {fileID: 2100000, guid: 4c2fa2f05df8dd7469bb8bd5b03a5ffd, type: 2}
    - target: {fileID: 7903602277008727765, guid: 1d8f69bc24ded764cb916ad9a018e2db,
        type: 3}
      propertyPath: m_UseGravity
      value: 0
      objectReference: {fileID: 0}
    - target: {fileID: 7903602277008727765, guid: 1d8f69bc24ded764cb916ad9a018e2db,
        type: 3}
      propertyPath: m_IsKinematic
      value: 1
      objectReference: {fileID: 0}
    - target: {fileID: 7903602277008727765, guid: 1d8f69bc24ded764cb916ad9a018e2db,
        type: 3}
      propertyPath: m_CollisionDetection
      value: 2
      objectReference: {fileID: 0}
    - target: {fileID: 8281213569211398325, guid: 1d8f69bc24ded764cb916ad9a018e2db,
        type: 3}
      propertyPath: m_Size.x
      value: 1
      objectReference: {fileID: 0}
    - target: {fileID: 8281213569211398325, guid: 1d8f69bc24ded764cb916ad9a018e2db,
        type: 3}
      propertyPath: m_Size.y
      value: 1
      objectReference: {fileID: 0}
    - target: {fileID: 8281213569211398325, guid: 1d8f69bc24ded764cb916ad9a018e2db,
        type: 3}
      propertyPath: m_Size.z
      value: 1
      objectReference: {fileID: 0}
    - target: {fileID: 8281213569211398325, guid: 1d8f69bc24ded764cb916ad9a018e2db,
        type: 3}
      propertyPath: m_IsTrigger
      value: 1
      objectReference: {fileID: 0}
    - target: {fileID: 8468596633846939757, guid: 1d8f69bc24ded764cb916ad9a018e2db,
        type: 3}
      propertyPath: m_Materials.Array.data[0]
      value: 
      objectReference: {fileID: 2100000, guid: 6727cb789076f1f45995fd96892c14e6, type: 2}
    - target: {fileID: 8677789934945823913, guid: 1d8f69bc24ded764cb916ad9a018e2db,
        type: 3}
      propertyPath: m_UseGravity
      value: 0
      objectReference: {fileID: 0}
    - target: {fileID: 8677789934945823913, guid: 1d8f69bc24ded764cb916ad9a018e2db,
        type: 3}
      propertyPath: m_IsKinematic
      value: 1
      objectReference: {fileID: 0}
    - target: {fileID: 8677789934945823913, guid: 1d8f69bc24ded764cb916ad9a018e2db,
        type: 3}
      propertyPath: m_CollisionDetection
      value: 2
      objectReference: {fileID: 0}
    - target: {fileID: 8831848477073247849, guid: 1d8f69bc24ded764cb916ad9a018e2db,
        type: 3}
      propertyPath: m_UseGravity
      value: 0
      objectReference: {fileID: 0}
    - target: {fileID: 8831848477073247849, guid: 1d8f69bc24ded764cb916ad9a018e2db,
        type: 3}
      propertyPath: m_IsKinematic
      value: 1
      objectReference: {fileID: 0}
    - target: {fileID: 8831848477073247849, guid: 1d8f69bc24ded764cb916ad9a018e2db,
        type: 3}
      propertyPath: m_CollisionDetection
      value: 2
      objectReference: {fileID: 0}
    - target: {fileID: 9070946828041484706, guid: 1d8f69bc24ded764cb916ad9a018e2db,
        type: 3}
      propertyPath: m_UseGravity
      value: 0
      objectReference: {fileID: 0}
    - target: {fileID: 9070946828041484706, guid: 1d8f69bc24ded764cb916ad9a018e2db,
        type: 3}
      propertyPath: m_IsKinematic
      value: 1
      objectReference: {fileID: 0}
    - target: {fileID: 9070946828041484706, guid: 1d8f69bc24ded764cb916ad9a018e2db,
        type: 3}
      propertyPath: m_CollisionDetection
      value: 2
      objectReference: {fileID: 0}
    - target: {fileID: 9112499010083089918, guid: 1d8f69bc24ded764cb916ad9a018e2db,
        type: 3}
      propertyPath: m_Size.x
      value: 1
      objectReference: {fileID: 0}
    - target: {fileID: 9112499010083089918, guid: 1d8f69bc24ded764cb916ad9a018e2db,
        type: 3}
      propertyPath: m_Size.y
      value: 1
      objectReference: {fileID: 0}
    - target: {fileID: 9112499010083089918, guid: 1d8f69bc24ded764cb916ad9a018e2db,
        type: 3}
      propertyPath: m_Size.z
      value: 1
      objectReference: {fileID: 0}
    - target: {fileID: 9112499010083089918, guid: 1d8f69bc24ded764cb916ad9a018e2db,
        type: 3}
      propertyPath: m_IsTrigger
      value: 1
      objectReference: {fileID: 0}
    m_RemovedComponents: []
  m_SourcePrefab: {fileID: 100100000, guid: 1d8f69bc24ded764cb916ad9a018e2db, type: 3}
--- !u!4 &1920386136108316793 stripped
Transform:
  m_CorrespondingSourceObject: {fileID: 5979611280308920802, guid: 1d8f69bc24ded764cb916ad9a018e2db,
    type: 3}
  m_PrefabInstance: {fileID: 5214409443812923803}
  m_PrefabAsset: {fileID: 0}
--- !u!1001 &5214409444969933527
PrefabInstance:
  m_ObjectHideFlags: 0
  serializedVersion: 2
  m_Modification:
    m_TransformParent: {fileID: 5214409445124272266}
    m_Modifications:
    - target: {fileID: 226228071744796059, guid: 672a0c01942be6e48844603c70cfb16e,
        type: 3}
      propertyPath: m_Name
      value: ARtistaGUI
      objectReference: {fileID: 0}
    - target: {fileID: 1981250015059142162, guid: 672a0c01942be6e48844603c70cfb16e,
        type: 3}
      propertyPath: m_AnchorMax.y
      value: 0
      objectReference: {fileID: 0}
    - target: {fileID: 4804072097959565779, guid: 672a0c01942be6e48844603c70cfb16e,
        type: 3}
      propertyPath: m_AnchoredPosition.y
      value: 215
      objectReference: {fileID: 0}
    - target: {fileID: 4850398781758166215, guid: 672a0c01942be6e48844603c70cfb16e,
        type: 3}
      propertyPath: m_AnchorMax.y
      value: 0
      objectReference: {fileID: 0}
    - target: {fileID: 5144149297714208151, guid: 672a0c01942be6e48844603c70cfb16e,
        type: 3}
      propertyPath: m_AnchorMax.x
      value: 0
      objectReference: {fileID: 0}
    - target: {fileID: 5144149297714208151, guid: 672a0c01942be6e48844603c70cfb16e,
        type: 3}
      propertyPath: m_AnchorMax.y
      value: 0
      objectReference: {fileID: 0}
    - target: {fileID: 5144149297714208151, guid: 672a0c01942be6e48844603c70cfb16e,
        type: 3}
      propertyPath: m_AnchorMin.x
      value: 0
      objectReference: {fileID: 0}
    - target: {fileID: 5294841487530460558, guid: 672a0c01942be6e48844603c70cfb16e,
        type: 3}
      propertyPath: m_AnchorMax.y
      value: 0
      objectReference: {fileID: 0}
    - target: {fileID: 5471595605521648508, guid: 672a0c01942be6e48844603c70cfb16e,
        type: 3}
      propertyPath: m_AnchorMax.y
      value: 0
      objectReference: {fileID: 0}
    - target: {fileID: 5730451458187537212, guid: 672a0c01942be6e48844603c70cfb16e,
        type: 3}
      propertyPath: m_RootOrder
      value: 2
      objectReference: {fileID: 0}
    - target: {fileID: 5730451458187537212, guid: 672a0c01942be6e48844603c70cfb16e,
        type: 3}
      propertyPath: m_LocalPosition.x
      value: 0.5448519
      objectReference: {fileID: 0}
    - target: {fileID: 5730451458187537212, guid: 672a0c01942be6e48844603c70cfb16e,
        type: 3}
      propertyPath: m_LocalPosition.y
      value: 1.162
      objectReference: {fileID: 0}
    - target: {fileID: 5730451458187537212, guid: 672a0c01942be6e48844603c70cfb16e,
        type: 3}
      propertyPath: m_LocalPosition.z
      value: 0.570961
      objectReference: {fileID: 0}
    - target: {fileID: 5730451458187537212, guid: 672a0c01942be6e48844603c70cfb16e,
        type: 3}
      propertyPath: m_LocalRotation.w
      value: 0.70105743
      objectReference: {fileID: 0}
    - target: {fileID: 5730451458187537212, guid: 672a0c01942be6e48844603c70cfb16e,
        type: 3}
      propertyPath: m_LocalRotation.x
      value: 0.09229578
      objectReference: {fileID: 0}
    - target: {fileID: 5730451458187537212, guid: 672a0c01942be6e48844603c70cfb16e,
        type: 3}
      propertyPath: m_LocalRotation.y
      value: 0.70105743
      objectReference: {fileID: 0}
    - target: {fileID: 5730451458187537212, guid: 672a0c01942be6e48844603c70cfb16e,
        type: 3}
      propertyPath: m_LocalRotation.z
      value: -0.09229582
      objectReference: {fileID: 0}
    - target: {fileID: 5730451458187537212, guid: 672a0c01942be6e48844603c70cfb16e,
        type: 3}
      propertyPath: m_LocalEulerAnglesHint.x
      value: 15
      objectReference: {fileID: 0}
    - target: {fileID: 5730451458187537212, guid: 672a0c01942be6e48844603c70cfb16e,
        type: 3}
      propertyPath: m_LocalEulerAnglesHint.y
      value: 90
      objectReference: {fileID: 0}
    - target: {fileID: 5730451458187537212, guid: 672a0c01942be6e48844603c70cfb16e,
        type: 3}
      propertyPath: m_LocalEulerAnglesHint.z
      value: 0
      objectReference: {fileID: 0}
    - target: {fileID: 5762573112307864792, guid: 672a0c01942be6e48844603c70cfb16e,
        type: 3}
      propertyPath: m_AnchorMax.y
      value: 0
      objectReference: {fileID: 0}
    - target: {fileID: 6093171841691115491, guid: 672a0c01942be6e48844603c70cfb16e,
        type: 3}
      propertyPath: m_AnchorMax.x
      value: 0
      objectReference: {fileID: 0}
    - target: {fileID: 6093171841691115491, guid: 672a0c01942be6e48844603c70cfb16e,
        type: 3}
      propertyPath: m_AnchorMax.y
      value: 0
      objectReference: {fileID: 0}
    - target: {fileID: 6462018975467719788, guid: 672a0c01942be6e48844603c70cfb16e,
        type: 3}
      propertyPath: m_AnchorMax.y
      value: 0
      objectReference: {fileID: 0}
    m_RemovedComponents: []
  m_SourcePrefab: {fileID: 100100000, guid: 672a0c01942be6e48844603c70cfb16e, type: 3}
--- !u!1 &479268832750225127 stripped
GameObject:
  m_CorrespondingSourceObject: {fileID: 5691417112432716848, guid: 672a0c01942be6e48844603c70cfb16e,
    type: 3}
  m_PrefabInstance: {fileID: 5214409444969933527}
  m_PrefabAsset: {fileID: 0}
--- !u!114 &926770326507447654
MonoBehaviour:
  m_ObjectHideFlags: 0
  m_CorrespondingSourceObject: {fileID: 0}
  m_PrefabInstance: {fileID: 0}
  m_PrefabAsset: {fileID: 0}
  m_GameObject: {fileID: 479268832750225127}
  m_Enabled: 1
  m_EditorHideFlags: 0
  m_Script: {fileID: 11500000, guid: dc42784cf147c0c48a680349fa168899, type: 3}
  m_Name: 
  m_EditorClassIdentifier: 
  m_IgnoreReversedGraphics: 1
  m_BlockingObjects: 0
  m_BlockingMask:
    serializedVersion: 2
    m_Bits: 4294967295
--- !u!4 &566304555734450667 stripped
Transform:
  m_CorrespondingSourceObject: {fileID: 5730451458187537212, guid: 672a0c01942be6e48844603c70cfb16e,
    type: 3}
  m_PrefabInstance: {fileID: 5214409444969933527}
  m_PrefabAsset: {fileID: 0}
--- !u!1001 &5214409445300161253
PrefabInstance:
  m_ObjectHideFlags: 0
  serializedVersion: 2
  m_Modification:
    m_TransformParent: {fileID: 5214409445124272266}
    m_Modifications:
    - target: {fileID: 4800151344633587198, guid: 4188fe90520808b41b23c5cf99a0a2f2,
        type: 3}
      propertyPath: m_Name
      value: NonNativeKeyboard_ARtistaVariant
      objectReference: {fileID: 0}
    - target: {fileID: 4800151344644828682, guid: 4188fe90520808b41b23c5cf99a0a2f2,
        type: 3}
      propertyPath: m_Pivot.x
      value: 0.5
      objectReference: {fileID: 0}
    - target: {fileID: 4800151344644828682, guid: 4188fe90520808b41b23c5cf99a0a2f2,
        type: 3}
      propertyPath: m_Pivot.y
      value: 0.5
      objectReference: {fileID: 0}
    - target: {fileID: 4800151344644828682, guid: 4188fe90520808b41b23c5cf99a0a2f2,
        type: 3}
      propertyPath: m_RootOrder
      value: 5
      objectReference: {fileID: 0}
    - target: {fileID: 4800151344644828682, guid: 4188fe90520808b41b23c5cf99a0a2f2,
        type: 3}
      propertyPath: m_AnchorMax.x
      value: 0
      objectReference: {fileID: 0}
    - target: {fileID: 4800151344644828682, guid: 4188fe90520808b41b23c5cf99a0a2f2,
        type: 3}
      propertyPath: m_AnchorMax.y
      value: 0
      objectReference: {fileID: 0}
    - target: {fileID: 4800151344644828682, guid: 4188fe90520808b41b23c5cf99a0a2f2,
        type: 3}
      propertyPath: m_AnchorMin.x
      value: 0
      objectReference: {fileID: 0}
    - target: {fileID: 4800151344644828682, guid: 4188fe90520808b41b23c5cf99a0a2f2,
        type: 3}
      propertyPath: m_AnchorMin.y
      value: 0
      objectReference: {fileID: 0}
    - target: {fileID: 4800151344644828682, guid: 4188fe90520808b41b23c5cf99a0a2f2,
        type: 3}
      propertyPath: m_SizeDelta.x
      value: 1250
      objectReference: {fileID: 0}
    - target: {fileID: 4800151344644828682, guid: 4188fe90520808b41b23c5cf99a0a2f2,
        type: 3}
      propertyPath: m_SizeDelta.y
      value: 480
      objectReference: {fileID: 0}
    - target: {fileID: 4800151344644828682, guid: 4188fe90520808b41b23c5cf99a0a2f2,
        type: 3}
      propertyPath: m_LocalScale.x
      value: 0.001
      objectReference: {fileID: 0}
    - target: {fileID: 4800151344644828682, guid: 4188fe90520808b41b23c5cf99a0a2f2,
        type: 3}
      propertyPath: m_LocalScale.y
      value: 0.001
      objectReference: {fileID: 0}
    - target: {fileID: 4800151344644828682, guid: 4188fe90520808b41b23c5cf99a0a2f2,
        type: 3}
      propertyPath: m_LocalScale.z
      value: 0.001
      objectReference: {fileID: 0}
    - target: {fileID: 4800151344644828682, guid: 4188fe90520808b41b23c5cf99a0a2f2,
        type: 3}
      propertyPath: m_LocalPosition.x
      value: 0
      objectReference: {fileID: 0}
    - target: {fileID: 4800151344644828682, guid: 4188fe90520808b41b23c5cf99a0a2f2,
        type: 3}
      propertyPath: m_LocalPosition.y
      value: 0
      objectReference: {fileID: 0}
    - target: {fileID: 4800151344644828682, guid: 4188fe90520808b41b23c5cf99a0a2f2,
        type: 3}
      propertyPath: m_LocalPosition.z
      value: -0
      objectReference: {fileID: 0}
    - target: {fileID: 4800151344644828682, guid: 4188fe90520808b41b23c5cf99a0a2f2,
        type: 3}
      propertyPath: m_LocalRotation.w
      value: 0.6830137
      objectReference: {fileID: 0}
    - target: {fileID: 4800151344644828682, guid: 4188fe90520808b41b23c5cf99a0a2f2,
        type: 3}
      propertyPath: m_LocalRotation.x
      value: 0.183013
      objectReference: {fileID: 0}
    - target: {fileID: 4800151344644828682, guid: 4188fe90520808b41b23c5cf99a0a2f2,
        type: 3}
      propertyPath: m_LocalRotation.y
      value: 0.6830118
      objectReference: {fileID: 0}
    - target: {fileID: 4800151344644828682, guid: 4188fe90520808b41b23c5cf99a0a2f2,
        type: 3}
      propertyPath: m_LocalRotation.z
      value: -0.18301252
      objectReference: {fileID: 0}
    - target: {fileID: 4800151344644828682, guid: 4188fe90520808b41b23c5cf99a0a2f2,
        type: 3}
      propertyPath: m_AnchoredPosition.x
      value: 0.3
      objectReference: {fileID: 0}
    - target: {fileID: 4800151344644828682, guid: 4188fe90520808b41b23c5cf99a0a2f2,
        type: 3}
      propertyPath: m_AnchoredPosition.y
      value: 0.9
      objectReference: {fileID: 0}
    - target: {fileID: 4800151344644828682, guid: 4188fe90520808b41b23c5cf99a0a2f2,
        type: 3}
      propertyPath: m_LocalEulerAnglesHint.x
      value: 30
      objectReference: {fileID: 0}
    - target: {fileID: 4800151344644828682, guid: 4188fe90520808b41b23c5cf99a0a2f2,
        type: 3}
      propertyPath: m_LocalEulerAnglesHint.y
      value: 90
      objectReference: {fileID: 0}
    - target: {fileID: 4800151344644828682, guid: 4188fe90520808b41b23c5cf99a0a2f2,
        type: 3}
      propertyPath: m_LocalEulerAnglesHint.z
      value: 0
      objectReference: {fileID: 0}
    - target: {fileID: 4800151344644828682, guid: 4188fe90520808b41b23c5cf99a0a2f2,
        type: 3}
      propertyPath: m_ConstrainProportionsScale
      value: 1
      objectReference: {fileID: 0}
    m_RemovedComponents: []
  m_SourcePrefab: {fileID: 100100000, guid: 4188fe90520808b41b23c5cf99a0a2f2, type: 3}
--- !u!224 &774863177445139695 stripped
RectTransform:
  m_CorrespondingSourceObject: {fileID: 4800151344644828682, guid: 4188fe90520808b41b23c5cf99a0a2f2,
    type: 3}
  m_PrefabInstance: {fileID: 5214409445300161253}
  m_PrefabAsset: {fileID: 0}
